 Dungeon Crawl Stone Soup version 0.23.2-40-g277498a001 (webtiles) character file.

Game seed: 5408152484974455734

30 Descartes the Insei (level 3, -1/23 HPs)
             Began as an Octopode Transmuter on Sept 26, 2019.
             Slain by Terence
             ... wielding a +0 trident
              (7 damage)
             ... on level 2 of the Dungeon.
             The game lasted 00:01:37 (1749 turns).

Descartes the Insei (Octopode Transmuter)           Turns: 1749, Time: 00:01:37

Health: -1/23      AC:  1    Str: 12    XL:     3   Next: 20%
Magic:  6/6        EV: 13    Int: 15    God:
Gold:   122        SH:  0    Dex: 12    Spells: 5/6 levels left

rFire    . . .     SeeInvis .   j - +0 short sword
rCold    . . .     Gourm    .   (no shield)
rNeg     . . .     Faith    .   (helmet restricted)
rPois    .         Spirit   .   n - amulet of the acrobat
rElec    .         Reflect  .   (no ring)
rCorr    .         Harm     .   (no ring)
MR       .....                  (no ring)
Stlth    +++.......             (no ring)
HPRegen  0.07/turn              (no ring)
MPRegen  0.10/turn              (no ring)
                                (no ring)
                                (no ring)

@: no status effects
A: almost no armour, stealthy swim, amphibious, 8 rings, constrict 8, camouflage
1, screaming 1, strong 1, gelatinous body 1
a: no special abilities


You were on level 2 of the Dungeon.
You were not hungry.

You visited 1 branch of the dungeon, and saw 2 of its levels.

You collected 122 gold pieces.

Inventory:

Hand Weapons
 j - a +0 short sword (weapon)
Missiles
 a - 12 arrows
 i - 80 stones (quivered)
 l - 3 tomahawks
Jewellery
 n - an amulet of the acrobat (around mantle)
Scrolls
 b - 2 scrolls of identify {unknown}
 e - 2 scrolls of enchant armour {unknown}
 h - a scroll of magic mapping {unknown}
 k - a scroll of immolation {unknown}
 o - a scroll of remove curse {unknown}
Comestibles
 c - 2 rations


   Skills:
 + Level 1.4 Fighting
 + Level 2.3 Dodging
 + Level 1.3 Stealth
 + Level 3.2 Unarmed Combat
 + Level 2.2 Spellcasting
 + Level 2.2 Transmutations


You had 5 spell levels left.
You knew the following spells:

 Your Spells              Type           Power        Failure   Level  Hunger
a - Beastly Appendage     Tmut           #.....       9%          1    #......

Your spell library contained the following spells:

 Spells                   Type           Power        Failure   Level  Hunger
 Sticks to Snakes         Tmut           #.......     13%         2    ###....
 Spider Form              Tmut/Pois      #.........   38%         3    ###....
 Ice Form                 Ice/Tmut       #.......     80%         4    #####..
 Blade Hands              Tmut           #.........   94%         5    ######.


Dungeon Overview and Level Annotations

Branches:
Dungeon (2/15)

Altars:

Annotations:
D:2 1 runed translucent door, Crazy Yiuf, Terence


Innate Abilities, Weirdness & Mutations

You cannot wear most types of armour.
You are very stealthy in the water. (Stealth+)
You are amphibious.
You can wear up to eight rings at the same time.
You can use your tentacles to constrict eight enemies at once.
Your skin changes colour to match your surroundings (Stealth+).
Your rubbery body absorbs attacks. (AC +1, EV +1)
You occasionally shout uncontrollably at your foes.
Your muscles are strong. (Str +2)


Message History

You are too injured to fight recklessly!
You are too injured to fight recklessly!
You are too injured to fight recklessly!
You are too injured to fight recklessly!
You hit the hobgoblin.
You kill the hobgoblin!
Terence closely misses you. Terence completely misses you.
Things that are here:
a +0 club; a hobgoblin corpse You hit Terence but do no damage.
Your grab misses Terence. Terence barely misses you.
You hit Terence. You grab Terence.
Terence is lightly wounded.
You constrict Terence. Terence hits you with a +0 trident.
* * * LOW HITPOINT WARNING * * *
You hit Terence but do no damage.
Terence is moderately wounded.
You constrict Terence. Terence hits you with a +0 trident!
You die...

### #)..#♣♣ #...+.♣
#...#♣. ### ♣♣
.<.#.###########
......@@.......#########
.....##########..##.....
.#. ##.##..... #..#.....
##.#..... #..##### ##.##
#..# ##.##


You could see Terence.

Vanquished Creatures
  An adder (D:2)
  A worm (D:2)
  3 dart slugs
  2 bats
  2 hobgoblins
  A ball python (D:2)
  3 kobolds
  A rat (D:2)
14 creatures vanquished.

Notes
Turn   | Place    | Note
-------+----------+-------------------------------------------
     0 | D:1      | Descartes the Octopode Transmuter began the quest for the
                  | Orb.
     0 | D:1      | Reached XP level 1. HP: 13/13 MP: 3/3
   601 | D:1      | Reached XP level 2. HP: 9/18 MP: 5/5
  1203 | D:2      | Reached skill level 1 in Stealth
  1379 | D:2      | Found a runed translucent door.
  1380 | D:2      | Noticed Crazy Yiuf
  1419 | D:2      | Reached XP level 3. HP: 7/23 MP: 6/6
  1422 | D:2      | Gained mutation: You occasionally shout uncontrollably at
                  | your foes. [potion of mutation]
  1422 | D:2      | Gained mutation: Your muscles are strong. (Str +2) [potion
                  | of mutation]
  1741 | D:2      | Noticed Terence
  1749 | D:2      | Slain by Terence

Skill      XL: |  1  2 |
---------------+-------+-----
Stealth        | 1 |  1.3
Fighting       | |  1.4
Dodging        | |  2.3
Unarmed Combat | |  3.2
Spellcasting   | |  2.2
Transmutations | |  2.2

Action                   || total
-------------------------++-------
Melee: Unarmed           ||     7
       Short sword       ||    29
       Constrict         ||    10
       Tentacles         ||     3
  Use: Potion            ||     3
 Stab: Sleeping          ||     7
  Eat: Chunk             ||     2
Armor: Skin              ||     3
Dodge: Dodged            ||    14
